 Dungeon Crawl Stone Soup version 0.30.1-9-gdf580d7c3d (webtiles) character file.

Game seed: 15598698620251277367

798 Peloso the Slasher (level 7, -10/61 HPs)
             Began as a Minotaur Fighter on Oct 5, 2023.
             Mangled by an ogre
             ... wielding a +0 giant club
              (21 damage)
             ... on level 4 of the Dungeon.
             The game lasted 00:08:53 (4138 turns).

Peloso the Slasher (Minotaur Fighter)               Turns: 4138, Time: 00:08:53

Health: -10/61     AC: 13    Str: 20    XL:     7   Next: 58%
Magic:  6/6        EV:  8    Int:  5    God:
Gold:   179        SH:  9    Dex: 12    Spells: 6/6 levels left

rFire   + . .        a - +0 long sword
rCold   + . .        d - +0 kite shield
rNeg    . . .        h - +0 chain mail
rPois   +            (helmet restricted)
rElec   +            q - +2 cloak
rCorr   +            (no gloves)
SInv    .            (no boots)
Will    .....        (no amulet) Stlth
                     (no ring)
HPRegen 0.30/turn    (no ring)
MPRegen 0.10/turn

%: no passive effects
@: lethally poisoned (-10 -> -21), resistant
A: horns 2, retaliatory headbutt
a: no special abilities


You were on level 4 of the Dungeon.
You visited 1 branch of the dungeon, and saw 5 of its levels.

You collected 179 gold pieces.

Inventory:

Hand Weapons
 a - a +0 long sword (weapon)
 b - a +2 dagger of flaming
Armour
 c - a +0 scale mail
 d - a +0 kite shield (worn)
 h - a +0 chain mail (worn)
 q - a +2 cloak (worn)
Wands
 m - a wand of charming (9)
 p - a wand of light (5)
Scrolls
 f - 4 scrolls of teleportation {unknown}
 g - a scroll of torment {unknown}
 i - a scroll of poison {unknown}
 k - a scroll of fog {unknown}
 l - a scroll of enchant weapon {unknown}
Potions
 e - a potion of brilliance
 j - a potion of mutation


   Skills:
 + Level 5.3 Fighting
 + Level 6.5 Long Blades
 + Level 6.2 Armour
 + Level 3.0 Dodging
 + Level 0.5 Stealth
 + Level 4.9 Shields
 + Level 0.3 Evocations


You had 6 spell levels left.
You didn't know any spells.
Your spell library was empty.

Dungeon Overview and Level Annotations

Branches:
Dungeon (5/15)
 Temple: D:4-7

Altars:
Gozag

Annotations:
D:3 Dig
D:4 3 runed translucent doors, Madon's ghost, amateur TrFi


Innate Abilities, Weirdness & Mutations

You have a pair of horns on your head.
You reflexively headbutt those who attack you in melee.


Message History

You start resting.
HP restored.
There is a stone staircase leading down here.
You climb downwards.
You block the ogre's attack. The gnoll hits you with a +0 club.
The gnoll hits you with a +1 whip of venom.
You are poisoned.
There is a stone staircase leading up here.
You feel very sick. The gnoll hits you but does no damage.
The gnoll hits you with a +1 whip of venom.
You are more poisoned.
The ogre hits you with a +0 giant club!!
You climb upwards.
Level annotation: 3 runed translucent doors, Madon's ghost, amateur TrFi
* * * LOW HITPOINT WARNING * * *
You feel extremely sick.
There is a stone staircase leading down here.
Okay, then.
It was a potion of resistance.
You feel protected.
* * * LOW HITPOINT WARNING * * *
You feel very sick. The gnoll closely misses you.
The gnoll hits you with a +1 whip of venom.
* * * LOW HITPOINT WARNING * * *
You are more poisoned.
It was a potion of heal wounds.
You feel much better.
You feel very sick. The gnoll hits you but does no damage.
You block the gnoll's attack. The ogre barely misses you.
You furiously retaliate!
You headbutt the ogre.
You feel very sick.
The gnoll sergeant shouts!
The ogre hits you with a +0 giant club!
* * * LOW HITPOINT WARNING * * *
* * * LOW HITPOINT WARNING * * *
You feel very sick. The ogre attacks as you move away!
The ogre hits you with a +0 giant club!!
You die...

#.........#. ##.######.#. #.#
#.#. #.# #.#. ########.# #.#.
#..)...#.######.#.
#.>[...#.##.......
#gO....#.##.###.#.
#@g....#.##.....#.
#.........#..####.
###......####..# #.
#..............# #.
#........#####'####.
###+++##.#........## ###
####$Sg$.###.#......# ..#
#.#..$_.W$##.#......# ..#
########.#8..8..8#.........##


You could see an ogre, a gnoll sergeant, Madon's ghost, 2 gnolls and an adder.

Vanquished Creatures
  Grinder (D:3)
  Sigmund (D:3)
  An orc warrior (D:4)
  A gnoll sergeant (D:4)
  A hound (D:4)
  Ijyb (D:3)
  Jessica (D:3)
  An orc wizard (D:4)
  4 gnolls
  3 adders
  An ufetubus (D:2)
  2 worms (D:2)
  3 dart slugs
  9 orcs
  11 endoplasms
  2 giant cockroaches (D:1)
  8 goblins
  13 jackals
  7 kobolds
  4 quokkas
  6 ball pythons
  7 bats
  5 frilled lizards
  5 rats
98 creatures vanquished.

Vanquished Creatures (others)
  A ball python (D:1)
1 creature vanquished.

Grand Total: 99 creatures vanquished

Notes
Turn   | Place    | Note
-------+----------+-------------------------------------------
     0 | D:1      | Peloso the Minotaur Fighter began the quest for the Orb.
     0 | D:1      | Reached XP level 1. HP: 19/19 MP: 0/0
    65 | D:1      | Reached XP level 2. HP: 27/27 MP: 1/1
   137 | D:1      | Found a faded altar of an unknown god.
   426 | D:1      | Reached XP level 3. HP: 33/33 MP: 2/2
   890 | D:2      | Reached XP level 4. HP: 3/40 MP: 3/3
  1175 | D:2      | Reached skill level 1 in Dodging
  1707 | D:3      | Identified the +0 robe of Okawaru's Grace {Fly rPois rF+
                  | Regen+}
  1771 | D:3      | Noticed Ijyb
  1801 | D:3      | HP: 1/41 [Ijyb/+0 club (3)]
  1802 | D:3      | Killed Ijyb
  1803 | D:3      | Reached XP level 5. HP: 2/47 MP: 4/4
  1985 | D:3      | Noticed Sigmund
  2074 | D:3      | Noticed Jessica
  2087 | D:3      | Killed Sigmund
  2088 | D:3      | Reached skill level 5 in Armour
  2088 | D:3      | Reached XP level 6. HP: 51/53 MP: 5/5
  2091 | D:3      | Killed Jessica
  2092 | D:3      | Reached skill level 5 in Long Blades
  2338 | D:3      | Noticed Grinder
  2343 | D:3      | Paralysed by Grinder for 4 turns
  2354 | D:3      | Paralysed by Grinder for 2 turns
  2362 | D:3      | Paralysed by Grinder for 5 turns
  2374 | D:3      | Killed Grinder
  2375 | D:3      | Reached skill level 5 in Fighting
  2375 | D:3      | Reached XP level 7. HP: 16/61 MP: 6/6
  3514 | D:4      | Found a runed translucent gate.
  3515 | D:4      | Found a runed translucent gate.
  3515 | D:4      | Found a runed translucent gate.
  3515 | D:4      | Found an opulent altar of Gozag.
  3519 | D:4      | Noticed Madon's ghost (amateur TrFi)
  4017 | D:5      | Entered Level 5 of the Dungeon
  4138 | D:4      | Mangled by an ogre

Illustrated notes

Levels and vault maps discovered:
D:1:      tarquinn_simple_flora_water_b, layout_loops_ring,
          chequers_ecumenical_altar_simple_redux
D:2:      layout_basic, chequers_serial_rivers_small_a
D:3:      layout_rooms, minmay_surrounded, uniq_sigmund, uniq_ijyb,
          uniq_jessica, uniq_grinder
D:4:      layout_basic, ebering_ghost_gozag
D:5:      layout_cave_pods, general_overflow_altar, nicolae_wooded_promenade

Skill      XL: |  1  2  3  4  5  6  7 |
---------------+----------------------+-----
Fighting       | 4 5 |  5.3
Armour         | 4 5 6 |  6.2
Long Blades    | 3 4 5 6 |  6.5
Dodging        | 2 3 |  3.0
Shields        | 4 |  4.9
Stealth        | |  0.5
Evocations     | |  0.3

Action                     |  1- 3 |  4- 6 |  7- 9 || total
---------------------------+-------+-------+-------++-------
  Melee: Long sword        |    63 |   119 |    53 ||   235
         Headbutt          |    12 |    19 |    13 ||    44
  Evoke: Wand              |       |     3 |     1 ||     4
    Use: Potion            |     2 |     4 |     3 ||     9
         Scroll            |     2 |       |     4 ||     6
 Armour: Scale mail        |    37 |    60 |    19 ||   116
         Chain mail        |       |       |    13 ||    13
  Dodge: Dodged            |    32 |    66 |    36 ||   134
  Block: Buckler           |    16 |    34 |     9 ||    59
         Kite shield       |       |       |     2 ||     2
